 Dungeon Crawl Stone Soup version 0.30-a0-639-g3916f1956a (webtiles) character file.

Game seed: 14194895639725737010

37 Newt the Sneak (level 3, 0/27 HPs)
             Began as a Demonspawn Gladiator on Jan 15, 2023.
             Slain by Terence
             ... wielding a +0 flail
              (9 damage)
             ... on level 2 of the Dungeon.
             The game lasted 00:01:37 (788 turns).

Newt the Sneak (Demonspawn Gladiator)                Turns: 788, Time: 00:01:38

Health: 0/27       AC:  4    Str: 16    XL:     3   Next: 23%
Magic:  3/3        EV: 12    Int:  9    God:
Gold:   23         SH:  0    Dex: 14    Spells: 2/2 levels left

rFire   . . .      SeeInvis .    o - +2 dagger (flame)
rCold   . . .      Faith    .    (no shield)
rNeg    + . .      Spirit   .    b - +0 leather armour
rPois   .          Reflect  .    c - +0 helmet
rElec   .          Harm     .    (no cloak)
rCorr   .          Rampage  .    (no gloves)
Will    .....                    (no boots)
Stlth   ++                       (no amulet)
HPRegen 0.24/turn                n - ring of positive energy
MPRegen 0.08/turn                (no ring)

@: no status effects
A: claws 1
a: no special abilities


You were on level 2 of the Dungeon.
You visited 1 branch of the dungeon, and saw 2 of its levels.

You collected 75 gold pieces.
You spent 52 gold pieces at shops.

Inventory:

Hand Weapons
 a - a +0 rapier
 o - a +2 dagger of flaming (weapon)
Armour
 b - a +0 leather armour (worn)
 c - a +0 helmet (worn)
 i - an orb of guile
Jewellery
 n - a ring of positive energy (left claw)
Scrolls
 q - a scroll of identify
Potions
 f - a potion of degeneration
 g - a potion of heal wounds {unknown}
 j - a potion of mutation
 k - a potion of brilliance
 l - a potion of lignification
 p - a potion of berserk rage


   Skills:
 + Level 2.0 Fighting
 - Level 2.6 Short Blades
 - Level 1.7 Throwing
 - Level 2.6 Dodging
 - Level 3.0 Stealth


You had 2 spell levels left.
You didn't know any spells.
Your spell library contained the following spells:

 Spells                   Type           Power      Damage    Failure   Level
 Sandblast                Erth           0%         2d4       45%         1
 Passwall                 Tmut/Erth      0%         N/A       58%         2
 Stone Arrow              Conj/Erth      0%         3d7       83%         3


Dungeon Overview and Level Annotations

Branches:
Dungeon (2/15)

Altars:

Shops:
D:1 ?

Annotations:
D:2 Terence


Innate Abilities, Weirdness & Mutations

You have sharp fingernails.


Message History

The quokka attacks as you move away!
The quokka bites you but does no damage.
The quokka attacks as you move away! The quokka barely misses you.
The quokka closely misses you. The quokka closely misses you.
The quokka attacks as you move away!
The quokka bites you but does no damage.
The quokka attacks as you move away! The quokka closely misses you.
The quokka barely misses you.
You barely miss the quokka. The quokka barely misses you.
You closely miss the quokka. The quokka closely misses you.
You hit the quokka. You burn the quokka.
The quokka is severely wounded.
The quokka barely misses you.
You hit the quokka. You burn the quokka.
You kill the quokka!
Training target 3.0 for Stealth reached!
Your Stealth skill increases to level 3!
You need to enable at least one skill for training.
You hit Terence. You burn Terence.
Terence is moderately wounded.
Terence misses you.
You hit Terence but do no damage.
Terence is moderately wounded.
Terence hits you with a +0 flail.
You barely miss Terence.
Terence is moderately wounded.
Terence hits you with a +0 flail.
Throw: throwing net
Press: ? - help, Q - select action Shift-Dir - straight line, f/p - Terence
Aim: Terence, wielding a +0 flail and wearing a +3 scale mail of willpower (moderately wounded, 63% to hit)
You throw a throwing net. The throwing net barely misses Terence.
Terence closely misses you.
You barely miss Terence.
Terence is moderately wounded.
Terence barely misses you.
You hit Terence. You burn Terence.
Terence is heavily wounded.
Terence hits you with a +0 flail!
You die...

.. ... ... .. # ..# #. #.
##### #.# #.###.##
##...## #.###..# ...
##.....## ....##.## #.#
#.......# ..#.##..# #..##
#.......#
........####..###.......#
...........##(.@@....<.##
...............###.....##
........................#
..##...#..###..#.....†..#
..##...##..#####........#
#@##...###.### #.#.....##
.........#...# #.##...##
.........###.###.##.###
....[....# #.##.....#


You could see Terence.

Vanquished Creatures
  2 dart slugs (D:1)
  2 endoplasms
  5 goblins
  6 hobgoblins
  A kobold (D:1)
  2 quokkas
  A ball python (D:1)
  5 bats
  2 frilled lizards (D:1)
  3 rats
29 creatures vanquished.

Notes
Turn   | Place    | Note
-------+----------+-------------------------------------------
     0 | D:1      | Newt the Demonspawn Gladiator began the quest for the Orb.
     0 | D:1      | Reached XP level 1. HP: 16/16 MP: 1/1
    92 | D:1      | Reached skill level 1 in Stealth
   150 | D:1      | Gained mutation: You have sharp fingernails. [demonic
                  | ancestry]
   150 | D:1      | Reached XP level 2. HP: 18/22 MP: 2/2
   212 | D:1      | Reached skill level 2 in Stealth
   467 | D:1      | Reached XP level 3. HP: 11/27 MP: 3/3
   547 | D:1      | Found The Oracle's Delphic Readings.
   551 | D:1      | Bought a scroll of identify for 26 gold pieces
   551 | D:1      | Bought a scroll of identify for 26 gold pieces
   741 | D:2      | Noticed Terence
   783 | D:2      | Reached skill level 3 in Stealth
   788 | D:2      | Slain by Terence

Illustrated notes

Levels and vault maps discovered:
D:1:      wander_arrival_estate, layout_rooms, chequers_serial_rivers_micro_a,
          hangedman_feature_mirror, nicolae_nh_oracle_at_delphi
D:2:      layout_rooms, uniq_terence

Skill      XL: |  1  2  3 |
---------------+----------+-----
Stealth        | 1 2 3 |  3.0
Fighting       | |  2.0
Short Blades   | |  2.6
Throwing       | |  1.7
Dodging        | |  2.6

Action                   || total
-------------------------++-------
Melee: Rapier            ||    80
       Punch             ||     2
       Dagger            ||    27
Throw: Throwing net      ||     3
       Javelin           ||     1
  Use: Scroll            ||     8
 Stab: Sleeping          ||     1
Armor: Leather armour    ||    37
Dodge: Dodged            ||    89

Table legend: (Time is in decaauts)
 A = Elapsed time spent in this place.
 B = Non-inter-level travel time spent in this place.
 C = Inter-level travel time spent in this place.
 D = Time resting spent in this place.
 E = Time spent auto-exploring this place.
 F = Levels seen in this place.
 G = Mean time per level.
                   A        B        C        D        E       F      G
               +--------+--------+--------+--------+--------+-----+--------+
         Total |    790 |    780 |     10 |      0 |    506 |   2 |  395.0 |
       Dungeon |    790 |    780 |     10 |      0 |    506 |   2 |  395.0 |
               +--------+--------+--------+--------+--------+-----+--------+

Top non-repeatable levels by time:
     D:1: 625 daAuts
     D:2: 165 daAuts
